 Dungeon Crawl Stone Soup version 0.32-a0-994-gabb26cbae4 (webtiles) character file.

Game seed: 10084557294097236917

334 Ijustatesigmund the Firebug (level 6, -6/52 HPs)
             Began as a Mountain Dwarf Fire Elementalist on Apr 22, 2024.
             Mangled by an iguana (10 damage)
             ... on level 4 of the Dungeon.
             The game lasted 00:05:13 (2739 turns).

Ijustatesigmund the Firebug (MDFE)                  Turns: 2739, Time: 00:05:13

Health: -6/52      AC:  3    Str: 10    XL:     6   Next: 27%
Magic:  8/11       EV: 10    Int: 18    God:
Gold:   67         SH:  0    Dex: 10    Spells: 4/11 levels left

rFire   . . .        i - +2 flail (protect)
rCold   . . .        (no shield)
rNeg    . . .        a - +0 robe
rPois   .            (no helmet)
rElec   .            h - +0 cloak
rCorr   .            (no gloves)
SInv    .            (no boots)
Will    .....        (no amulet)
Stlth   ++           (no ring)
HPRegen 0.28/turn    (no ring)
MPRegen 0.12/turn

%: no passive effects
@: very slightly contaminated
A: runic magic, artefact enchanting
a: no special abilities


You were on level 4 of the Dungeon.
You visited 1 branch of the dungeon, and saw 4 of its levels.
You also visited: Sewer.

You collected 67 gold pieces.

Inventory:

Hand Weapons
 i - a +2 flail of protection (weapon)
Armour
 a - a +0 robe (worn)
 h - a +0 cloak (worn)
 m - a +0 pair of boots
Wands
 g - a wand of iceblast (10)
Scrolls
 e - 3 scrolls of teleportation
 f - a scroll of poison {unknown}
 j - a scroll of torment {unknown}
 l - a scroll of identify {unknown}
Potions
 b - 2 potions of magic
 c - a potion of cancellation {unknown}
 d - a potion of brilliance {unknown}
 k - 2 potions of curing


   Skills:
 + Level 3.8 Fighting
 - Level 1.3 Dodging
 - Level 1.4 Stealth
 + Level 3.4 Spellcasting
 - Level 0.8 Conjurations
 + Level 5.7 Fire Magic


You had 4 spell levels left.
You knew the following spells:

 Your Spells              Type           Power      Damage    Failure   Level
a - Foxfire               Conj/Fire      60%        2x1d7     4%          1
b - Scorch                Fire           46%        2d6       2%          2
c - Flame Wave            Conj/Fire      15%        2d7       36%         4

Your spell library contained the following spells:

 Spells                   Type           Power      Damage    Failure   Level
 Inner Flame              Hex/Fire       13%        N/A       14%         3
 Volatile Blastmotes      Fire/Tloc      26%        2d12      14%         3


Dungeon Overview and Level Annotations

Branches:
Dungeon (4/15)              Sewer (visited)
 Temple: D:4-7

Altars:

Shops:
D:3 (

Annotations:
D:3 Grinder


Innate Abilities, Weirdness & Mutations

Your spellcasting is much less encumbered by armour.
You can use scrolls of enchantment on lesser artefacts.


Message History

Confirm with . or Enter, or press ? or * to list all spells.
You conjure some foxfire!
An adder comes into view.
The foxfire hits the iguana but does no damage.
The iguana is lightly wounded.
The foxfire hits the iguana but does no damage.
The iguana is lightly wounded.
The iguana bites you.
Casting: Foxfire (safe; 4% risk of failure)
Confirm with . or Enter, or press ? or * to list all spells.
You conjure some foxfire!
The foxfire hits the gnoll.
The gnoll is moderately wounded.
The iguana barely misses you. The gnoll barely misses you.
The foxfire hits the gnoll.
The gnoll is lightly wounded.
The gnoll closely misses you. The iguana bites you.
Unknown command.
Casting: Foxfire (safe; 4% risk of failure)
Confirm with . or Enter, or press ? or * to list all spells.
Casting: Flame Wave (quite dangerous; 36% risk of failure)
Press: ? - help, Dir - look around, f - activate You miscast Flame Wave.
You are very lightly contaminated with residual magic.
Nothing appears to happen.
The gnoll hits you with a +0 whip!
The gnoll hits you from afar with a +0 spear.
The gnoll hits you with a +0 whip. The iguana closely misses you.
Magic courses through your body. The gnoll barely misses you.
The iguana bites you. The gnoll closely misses you.
The gnoll barely misses you.
Casting: Flame Wave (quite dangerous; 36% risk of failure)
Confirm with . or Enter, or press ? or * to list all spells.
Casting: Flame Wave (quite dangerous; 36% risk of failure)
Press: ? - help, Dir - look around, f - activate You miscast Flame Wave.
Strange energies run through your body!
* * * LOW HITPOINT WARNING * * *
The gnoll barely misses you. The gnoll closely misses you.
The gnoll hits you with a +0 whip.
* * * LOW HITPOINT WARNING * * *
The iguana bites you!
You die...

....## #$...
..... #...#
#...# #Sg.# .
..#+##glg##....
.......@.......
.#..#######....
#


You could see an iguana, 3 gnolls and an adder.

Vanquished Creatures
  Pargi (Sewer)
  A kobold brigand (Sewer)
  A brain worm (Sewer)
  3 adders
  3 river rats (D:3)
  A dart slug (D:1)
  5 ribbon worms (D:3)
  6 ball pythons
  3 bats
  An endoplasm (D:3)
  A giant cockroach (Sewer)
  5 goblins
  2 hobgoblins
  4 quokkas
  2 frilled lizards
  6 kobolds
  4 rats (D:3)
49 creatures vanquished.

Vanquished Creatures (others)
  89 foxfires
89 creatures vanquished.

Grand Total: 138 creatures vanquished

Notes
Turn   | Place    | Note
-------+----------+-------------------------------------------
     0 | D:1      | Ijustatesigmund the Mountain Dwarf Fire Elementalist began
                  | the quest for the Orb.
     0 | D:1      | Reached XP level 1. HP: 14/14 MP: 3/3
   326 | D:1      | Reached XP level 2. HP: 22/22 MP: 0/5
   387 | D:1      | Reached skill level 1 in Fighting
   392 | D:1      | Learned a level 2 spell: Scorch
   631 | D:1      | Reached skill level 4 in Fire Magic
  1267 | D:2      | You fall into a shaft and drop 1 floor!
  1312 | D:3      | Found Bubyuss's Weapon Shoppe.
  1357 | D:3      | Reached XP level 3. HP: 28/28 MP: 1/6
  1424 | D:3      | HP: 1/29 [river rat (6)]
  1431 | D:3      | HP: 1/29 [river rat (6)]
  1445 | D:3      | Reached XP level 4. HP: 13/36 MP: 0/7
  1469 | D:3      | Found a glowing drain.
  1477 | Sewer    | Entered a sewer
  1557 | Sewer    | Noticed a kobold brigand
  1562 | Sewer    | Killed a kobold brigand
  1563 | Sewer    | Reached skill level 5 in Fire Magic
  1563 | Sewer    | Reached XP level 5. HP: 39/44 MP: 1/9
  1860 | Sewer    | Noticed Pargi
  1867 | Sewer    | Killed Pargi
  2250 | Sewer    | Reached XP level 6. HP: 44/52 MP: 4/11
  2255 | Sewer    | Learned a level 4 spell: Flame Wave
  2548 | D:3      | Found a faded altar of an unknown god.
  2713 | D:3      | Noticed Grinder
  2739 | D:4      | Mangled by an iguana

Illustrated notes

Levels and vault maps discovered:
D:1:      mainiacjoe_arrival_oval_in_oval, layout_basic
D:2:      layout_basic, serial_glass, glass_columns_c, glass_columns_a,
          glass_columns_a, glass_columns_c
D:3:      layout_rooms, lightli_sewer_entry_pipes,
          ebering_ecumenical_altar_sacrificial, serial_shops,
          nicolae_shop_tiny_waterfront, kennysheep_pointless_box, st_stairs_11,
          kennysheep_nondescript, serial_bayou_ford_a, minmay_misc_feat_plants,
          uniq_grinder
D:4:      minmay_clustersquares, layout_basic

Skill      XL: |  1  2  3  4  5 |
---------------+----------------+-----
Spellcasting   | 2 3 |  3.4
Fighting       | 1 2 3 |  3.8
Fire Magic     | 4 5 |  5.7
Dodging        | |  1.3
Stealth        | |  1.4
Conjurations   | |  0.8

Action                     |  1- 3 |  4- 6 || total
---------------------------+-------+-------++-------
  Melee: Unarmed           |     2 |       ||     2
         Whip              |    48 |    22 ||    70
         Flail             |       |    11 ||    11
   Cast: Foxfire           |    37 |    13 ||    50
         Scorch            |     6 |    16 ||    22
    Use: Scroll            |     2 |       ||     2
         Potion            |     5 |     1 ||     6
 Armour: Robe              |    40 |    68 ||   108
  Dodge: Dodged            |    39 |    53 ||    92

Table legend: (Time is in decaauts)
 A = Elapsed time spent in this place.
 B = Non-inter-level travel time spent in this place.
 C = Inter-level travel time spent in this place.
 D = Time resting spent in this place.
 E = Time spent auto-exploring this place.
 F = Levels seen in this place.
 G = Mean time per level.
                   A        B        C        D        E       F      G
               +--------+--------+--------+--------+--------+-----+--------+
         Total |   2771 |   2736 |     35 |    600 |   1602 |   5 |  554.2 |
       Dungeon |   1922 |   1887 |     35 |      0 |   1442 |   4 |  480.5 |
         Sewer |    849 |    849 |      0 |    600 |    160 |   1 |  849.0 |
               +--------+--------+--------+--------+--------+-----+--------+

Top non-repeatable levels by time:
     D:1: 969 daAuts
   Sewer: 849 daAuts
     D:3: 647 daAuts
     D:2: 297 daAuts
     D:4: 8 daAuts
